 Dungeon Crawl Stone Soup version 0.29.1-2-gbd0b4ee654 (webtiles) character file.

Game seed: 4268029660636351452

49 nshep25 the Trooper (level 3, -3/31 HPs)
             Began as a Demigod Fighter on Oct 27, 2022.
             Slain by Terence
             ... wielding a +0 flail
              (4 damage)
             ... on level 2 of the Dungeon.
             The game lasted 00:03:14 (1771 turns).

nshep25 the Trooper (Demigod Fighter)               Turns: 1771, Time: 00:03:16

Health: -3/31      AC:  6    Str: 21    XL:     3   Next: 32%
Magic:  5/5        EV:  9    Int: 10    God:
Gold:   102        SH:  4    Dex: 13    Spells: 2/2 levels left

rFire   . . .      SeeInvis .   a - +0 flail
rCold   . . .      Faith    .   c - +0 buckler
rNeg    . . .      Spirit   .   b - +0 scale mail
rPois   .          Reflect  .   (no helmet)
rElec   .          Harm     .   (no cloak)
rCorr   .          Rampage  .   (no gloves)
Will    .....                   (no boots)
Stlth   ..........              (no amulet)
HPRegen 0.10/turn               (no ring)
MPRegen 0.09/turn               (no ring)

@: no status effects
A: high MP 1, forlorn, divine attributes
a: no special abilities


You were on level 2 of the Dungeon.
You visited 1 branch of the dungeon, and saw 2 of its levels.

You collected 102 gold pieces.

Inventory:

Hand Weapons
 a - a +0 flail (weapon)
Armour
 b - a +0 scale mail (worn)
 c - a +0 buckler (worn)
Scrolls
 e - a scroll of poison {unknown}
 f - 2 scrolls of magic mapping {unknown}
 h - 3 scrolls of identify {unknown}
Potions
 d - a potion of might
 g - a potion of ambrosia {unknown}
 i - a potion of mutation {unknown}


   Skills:
 + Level 3.1 Fighting
 + Level 2.4 Maces & Flails
 + Level 3.1 Armour
 + Level 3.0 Shields


You had 2 spell levels left.
You didn't know any spells.
Your spell library contained the following spells:

 Spells                   Type           Power      Damage    Failure   Level
 Blink                    Tloc           0%         N/A       90%         2
 Manifold Assault         Tloc           0%         N/A       100%        5
 Storm Form               Tmut/Air       0%         N/A       100%        7


Dungeon Overview and Level Annotations

Branches:
Dungeon (2/15)

Annotations:
D:2 Terence


Innate Abilities, Weirdness & Mutations

You have an increased reservoir of magic. (+10% MP)
You shall have no god before yourself.
Your divine heritage dramatically boosts your attributes as you level up.


Message History

You hit Terence.
Terence is lightly wounded.
The adder barely misses you. The ball python bites you.
The ball python grabs you. The ball python constricts you.
Terence hits you with a +0 flail! The adder bites you but does no damage.
The ball python barely misses you. The ball python constricts you.
You barely miss Terence.
Terence is lightly wounded.
Terence closely misses you. The adder bites you but does no damage.
The ball python bites you but does no damage.
The ball python constricts you. The adder bites you.
You are poisoned.
The adder poisons you! Terence hits you with a +0 flail.
You hit Terence.
Terence is lightly wounded.
You feel sick.
The ball python bites you but does no damage.
The ball python constricts you. You block the adder's attack.
Terence hits you with a +0 flail.
* * * LOW HITPOINT WARNING * * *
The ball python closely misses you. The ball python constricts you.
You hit Terence.
Terence is heavily wounded.
You feel sick. The adder barely misses you.
The ball python bites you but does no damage.
The ball python constricts you. Terence hits you but does no damage.
The adder bites you but does no damage.
You escape the ball python's grasp.
The ball python attacks as you move away!
The ball python bites you.
* * * LOW HITPOINT WARNING * * *
You feel sick. You block Terence's attack.
You completely miss Terence.
Terence is heavily wounded.
You feel sick.
You are no longer poisoned.
The adder bites you.
* * * LOW HITPOINT WARNING * * *
Terence hits you with a +0 flail.
You die...

#.# # #.# #)# #.# #.####.#
#.. #.# ...#.######
#+#######'#######.#......#
#........).....<...#####.#
#..........#....†..# #.#
#..........J..÷....# ###.#
#..<(..S@S#.......# #...#
#.......@.#.......# #.###
#.......(.######### #....
#...####### #####
.........# .........#
........## ........#
.########


You could see Terence, an adder, an endoplasm and a ball python.

Vanquished Creatures
  A gnoll (D:1)
  An adder (D:2)
  4 ball pythons
  2 bats (D:1)
  5 endoplasms (D:1)
  2 giant cockroaches (D:1)
  3 goblins
  3 hobgoblins
  2 kobolds
  A quokka (D:2)
  2 frilled lizards (D:1)
  A rat (D:2)
27 creatures vanquished.

Notes
Turn   | Place    | Note
-------+----------+-------------------------------------------
     0 | D:1      | nshep25 the Demigod Fighter began the quest for the Orb.
     0 | D:1      | Reached XP level 1. HP: 18/18 MP: 3/3
   244 | D:1      | Reached XP level 2. HP: 5/25 MP: 4/4
  1434 | D:2      | Reached XP level 3. HP: 28/31 MP: 5/5
  1752 | D:2      | Noticed Terence
  1771 | D:2      | HP: 1/31 [adder (1)]
  1771 | D:2      | Slain by Terence

Illustrated notes

Levels and vault maps discovered:
D:1:      heliophobic_arrival_battle_scene, layout_basic, serial_forest,
          infiniplex_forest_straight_3, infiniplex_forest_join,
          infiniplex_forest_end_2, infiniplex_forest_clump_cross,
          infiniplex_forest_clump_tiny, infiniplex_forest_straight_1,
          minmay_tripent
D:2:      layout_basic, basic_ecumenical_altar, uniq_terence, uniq_sigmund

Skill      XL: |  1  2 |
---------------+-------+-----
Fighting       | 3 |  3.1
Maces & Flails | 2 |  2.4
Armour         | 3 |  3.1
Shields        | 3 |  3.0

Action                   || total
-------------------------++-------
Melee: Flail             ||   109
Armor: Scale mail        ||    51
Dodge: Dodged            ||    57
Block: Buckler           ||    27
